 Dungeon Crawl Stone Soup version 0.31-a0-1626-g5cb510d322 (webtiles) character file.

Game seed: 14830275166192162235

113 cforsyth the Changeling (level 4, 0/45 HPs)
             Began as an Oni Shapeshifter on Jan 13, 2024.
             Slain by a gnoll
             ... wielding a +0 spear
              (5 damage)
             ... on level 3 of the Dungeon.
             The game lasted 00:04:13 (1738 turns).

cforsyth the Changeling (Oni Shapeshifter)          Turns: 1738, Time: 00:04:13

Health: 0/45       AC:  3    Str: 20    XL:     4   Next: 96%
Magic:  4/4        EV: 10    Int: 11    God:
Gold:   86         SH:  0    Dex:  8    Spells: 3/3 levels left

rFire   . .          .
                       - Unarmed
rCold   . . .        (no shield)
rNeg    . . .        a - +0 animal skin
rPois   .            (helmet currently unavailable)
rElec   .            (cloak currently unavailable)
rCorr   .            (gloves unavailable)
SInv    .            (boots unavailable)
Will    .....        (no amulet)
Stlth   +            (no ring)
HPRegen 0.27/turn    (no ring)
MPRegen 0.09/turn

%: no passive effects
@: beast-form
A: beast (slay +2), large, unfitting armour, horns 1, tough skin 1, double
potion healing, drunken brawling
a: Begin Untransformation


You were on level 3 of the Dungeon.
You were a hulking beast.
You visited 1 branch of the dungeon, and saw 3 of its levels.

You collected 86 gold pieces.

Inventory:

Armour
 a - a +0 animal skin (worn)
Talismans
 c - a beast talisman
 d - a flux talisman
Scrolls
 f - 2 scrolls of identify
 h - 2 scrolls of enchant weapon


   Skills:
 + Level 3.2 Fighting
 + Level 2.6 Dodging
 + Level 3.4 Unarmed Combat
 + Level 3.6 Shapeshifting


You had 3 spell levels left.
You didn't know any spells.
Your spell library contained the following spells:

 Spells                   Type           Power      Damage    Failure   Level
 Necrotise                Necr           0%         1d4       34%         1
 Vampiric Draining        Necr           0%         2d6       71%         3
 Martyr's Knell           Necr/Summ      0%         N/A       98%         4
 Curse of Agony           Necr           0%         N/A       100%        5


Dungeon Overview and Level Annotations

Branches:
Dungeon (3/15)

Altars:


Innate Abilities, Weirdness & Mutations

You are a hulking beast.
Your limbs bulge with bestial killing power. (Slay +2)
You are too large for most types of armour.
You have a pair of small horns on your head.
You have tough skin. (AC +1)
You gain doubled healing and magic from potions.
Whenever you drink a healing potion, you attack all around you.


Message History

The adder bites you.
You are poisoned.
The adder poisons you!
You hit the adder.
You kill the adder!
You feel sick.
The gnoll hits you from afar with a +0 spear.
You are too injured to fight recklessly!
You are too injured to fight recklessly!
You are too injured to fight recklessly!
You are too injured to fight recklessly!
You are too injured to fight recklessly!
You are too injured to fight recklessly!
You are too injured to fight recklessly!
Unknown command.
You feel sick.
You feel sick. The gnoll attacks as it pursues you!
The gnoll hits you from afar with a +0 spear.
* * * LOW HITPOINT WARNING * * *
You feel sick.
Press: ? - help, v - describe, . - travel
Here: a gnoll, wielding a +0 spear The floor.
You feel sick.
You are no longer poisoned.
The gnoll attacks as it pursues you! The gnoll closely misses you.
You see here a giant cockroach corpse.
Okay, then.
You aren't carrying any potions.
You closely miss the gnoll. Your headbutt misses the gnoll.
The gnoll barely misses you.
You closely miss the gnoll. The gnoll hits you with a +0 club.
* * * LOW HITPOINT WARNING * * *
The gnoll hits you but does no damage. The gnoll attacks as it pursues you!
The gnoll hits you with a +0 flail.
* * * LOW HITPOINT WARNING * * *
The gnoll barely misses you.
The gnoll hits you from afar with a +0 spear.
You die...

.. .# ########.##
#.........#
#......?..#######
#.........#...†.#
#.....gg..#.###g#
#'# #.#..g#
#)####.#h###
#.g..g.#.#
########.# #.#
#.### ######
#...# #....#
###.# #.##.#
#.#####.##.#####
#.......##......


You could see 2 gnolls.

Vanquished Creatures
  Terence (D:3)
  2 gnolls (D:2)
  2 adders
  2 ribbon worms (D:2)
  4 bats
  6 endoplasms
  3 giant cockroaches
  3 goblins (D:1)
  3 hobgoblins (D:2)
  4 jackals (D:1)
  3 quokkas
  4 ball pythons
  2 frilled lizards
  A kobold (D:2)
  5 rats
45 creatures vanquished.

Notes
Turn   | Place    | Note
-------+----------+-------------------------------------------
     0 | D:1      | cforsyth the Oni Shapeshifter began the quest for the Orb.
     0 | D:1      | Reached XP level 1. HP: 19/19 MP: 1/1
    85 | D:1      | Reached XP level 2. HP: 20/28 MP: 2/2
   604 | D:1      | Found a faded altar of an unknown god.
   896 | D:1      | Reached XP level 3. HP: 35/35 MP: 3/3
  1487 | D:2      | Reached XP level 4. HP: 9/44 MP: 4/4
  1708 | D:3      | Noticed Terence
  1717 | D:3      | Killed Terence
  1738 | D:3      | Slain by a gnoll

Illustrated notes

Levels and vault maps discovered:
D:1:      minmay_arrival_radiant_lines, layout_basic,
          hellmonk_ecumenical_altar_zigzags
D:2:      layout_basic, serial_glass, glass_columns_a, glass_columns_a,
          glass_columns_a, glass_columns_a, glass_columns_a, glass_columns_a,
          hangedman_abyss_or_decor_stabs
D:3:      layout_basic, uniq_crazy_yiuf_cottage, uniq_terence, uniq_pargi

Skill      XL: |  1  2  3  4 |
---------------+-------------+-----
Dodging        | 2 |  2.6
Fighting       | 2 3 |  3.2
Unarmed Combat | 3 |  3.4
Shapeshifting  | |  3.6

Action                     |  1- 3 |  4- 6 || total
---------------------------+-------+-------++-------
  Melee: Unarmed           |   114 |    19 ||   133
         Headbutt          |    11 |     3 ||    14
    Use: Potion            |     2 |     1 ||     3
         Scroll            |       |     2 ||     2
   Stab: Sleeping          |       |     1 ||     1
 Armour: Animal skin       |    96 |    20 ||   116
         Skin              |    10 |    20 ||    30
  Dodge: Dodged            |    60 |    11 ||    71

Table legend: (Time is in decaauts)
 A = Elapsed time spent in this place.
 B = Non-inter-level travel time spent in this place.
 C = Inter-level travel time spent in this place.
 D = Time resting spent in this place.
 E = Time spent auto-exploring this place.
 F = Levels seen in this place.
 G = Mean time per level.
                   A        B        C        D        E       F      G
               +--------+--------+--------+--------+--------+-----+--------+
         Total |   1730 |   1725 |      5 |    114 |   1290 |   3 |  576.7 |
       Dungeon |   1730 |   1725 |      5 |    114 |   1290 |   3 |  576.7 |
               +--------+--------+--------+--------+--------+-----+--------+

Top non-repeatable levels by time:
     D:1: 981 daAuts
     D:2: 531 daAuts
     D:3: 217 daAuts
